 Dungeon Crawl Stone Soup version 0.29.1-15-g9cfb28693d (webtiles) character file.

Game seed: 17950874205833668665

67 DemonSlayer the Digger (level 4, -2/30 HPs)
             Began as a Demonspawn Earth Elementalist on Feb 26, 2023.
             Slain by a scorpion (6 damage)
             ... on level 3 of the Dungeon.
             The game lasted 00:02:54 (2035 turns).

DemonSlayer the Digger (DsEE)                       Turns: 2035, Time: 00:02:56

Health: -2/30      AC:  2    Str: 10    XL:     4   Next: 0%
Magic:  1/8        EV: 14    Int: 17    God:
Gold:   71         SH:  0    Dex: 13    Spells: 2/8 levels left

rFire   . . .      SeeInvis +   b - +2 dagger (speed)
rCold   . . .      Faith    .   (no shield)
rNeg    . . .      Spirit   .   a - +0 robe
rPois   .          Reflect  .   (helmet restricted)
rElec   .          Harm     .   (no cloak)
rCorr   .          Rampage  .   (no gloves)
Will    .....                   (no boots)
Stlth   ++........              (no amulet)
HPRegen 0.10/turn               l - ring of see invisible
MPRegen 0.11/turn               (no ring)

@: lethally poisoned (-2 -> -5)
A: horns 1, repulsion field 1
a: no special abilities


You were on level 3 of the Dungeon.
You visited 1 branch of the dungeon, and saw 3 of its levels.

You collected 71 gold pieces.

Inventory:

Hand Weapons
 b - a +2 dagger of speed (weapon)
Armour
 a - a +0 robe (worn)
Jewellery
 l - a ring of see invisible (left hand)
Scrolls
 d - 2 scrolls of teleportation {unknown}
 e - 2 scrolls of fear {unknown}
 g - a scroll of brand weapon {unknown}
 m - a scroll of identify {unknown}
Potions
 c - a potion of ambrosia {unknown}
 f - a potion of might {unknown}
 h - a potion of invisibility {unknown}
 i - a potion of mutation {unknown}
 j - a potion of lignification {unknown}
 k - a potion of cancellation {unknown}


   Skills:
 + Level 1.9 Dodging
 + Level 2.1 Stealth
 + Level 2.8 Spellcasting
 + Level 0.8 Transmutations
 + Level 3.7 Earth Magic


You had 2 spell levels left.
You knew the following spells:

 Your Spells              Type           Power      Damage    Failure   Level
a - Sandblast             Erth           30%        2d9       3%          1
b - Passwall              Tmut/Erth      8%         N/A       11%         2
c - Stone Arrow           Conj/Erth      16%        3d8       26%         3

Your spell library contained the following spells:

 Spells                   Type           Power      Damage    Failure   Level
 Petrify                  Tmut/Erth      10%        N/A       56%         4


Dungeon Overview and Level Annotations

Branches:
Dungeon (3/15)

Altars:
Makhleb


Innate Abilities, Weirdness & Mutations

You have a pair of small horns on your head.
You are surrounded by a mild repulsion field. (EV +2)


Message History

You kill the adder!
You have reached level 4!
You feel clever.
A scorpion comes into view.
A scorpion is nearby!
A scorpion is nearby!
A scorpion is nearby!
A scorpion is nearby!
Found 15 gold pieces.
Your magical contamination has completely faded away.
There is a stone staircase leading up here.
You start resting.
A scorpion is nearby!
The blast of sand hits the scorpion but does no damage.
The scorpion stings you. x2
You are poisoned.
The scorpion poisons you!
The blast of sand hits the scorpion but does no damage.
You feel very sick. The scorpion barely misses you. The scorpion stings you.
You are too injured to fight recklessly!
You are too injured to fight recklessly!
Casting: Sandblast (safe; 3% risk of failure)
Confirm with . or Enter, or press ? or * to list all spells.
Aiming: Sandblast (safe; 3% risk of failure)
Press: ? - help, Shift-Dir - straight line, f/p - scorpion
Aim: a scorpion (82% to hit)
The blast of sand hits the scorpion but does no damage.
You feel very sick. The scorpion stings you.
* * * LOW HITPOINT WARNING * * *
Casting: Sandblast (safe; 3% risk of failure)
Confirm with . or Enter, or press ? or * to list all spells.
Aiming: Sandblast (safe; 3% risk of failure)
Press: ? - help, Shift-Dir - straight line, f/p - scorpion
Aim: a scorpion (82% to hit)
The blast of sand hits the scorpion but does no damage.
* * * LOW HITPOINT WARNING * * *
You feel sick. The scorpion stings you.
You die...

..# ... ..# .
... ..# ..
..####.# .$. #..
...###....
#..##....s..#.
#............
#.##.......#
#.@#.#.......
##.s†......#.
.......#...###+#
..##########


You could see a scorpion.

Vanquished Creatures
  3 adders
  A dart slug (D:1)
  5 ball pythons
  4 bats
  6 endoplasms
  2 giant cockroaches (D:2)
  4 goblins
  3 hobgoblins
  2 quokkas (D:1)
  A frilled lizard (D:1)
  3 kobolds
  2 rats (D:2)
36 creatures vanquished.

Notes
Turn   | Place    | Note
-------+----------+-------------------------------------------
     0 | D:1      | DemonSlayer the Demonspawn Earth Elementalist began the
                  | quest for the Orb.
     0 | D:1      | Reached XP level 1. HP: 13/13 MP: 3/3
   122 | D:1      | Reached skill level 3 in Earth Magic
   191 | D:1      | Found a faded altar of an unknown god.
   302 | D:1      | Gained mutation: You are surrounded by a mild repulsion
                  | field. (EV +2) [demonic ancestry]
   302 | D:1      | Reached XP level 2. HP: 12/19 MP: 1/5
   683 | D:1      | Found a burning altar of Makhleb.
  1193 | D:2      | Gained mutation: You have a pair of small horns on your
                  | head. [demonic ancestry]
  1193 | D:2      | Reached XP level 3. HP: 24/24 MP: 4/6
  1445 | D:2      | Learned a level 2 spell: Passwall
  1449 | D:2      | Learned a level 3 spell: Stone Arrow
  2023 | D:3      | Reached XP level 4. HP: 24/30 MP: 3/8
  2023 | D:3      | Noticed a scorpion
  2035 | D:3      | Slain by a scorpion

Illustrated notes

Levels and vault maps discovered:
D:1:      wheals_arrival_linesprint, layout_loops_ring,
          ebering_ecumenical_altar_sacrificial, minmay_hexomino_r4
D:2:      layout_loops_cross
D:3:      layout_basic, nicolae_uskayaw_en_pointe, guppyfry_early_lair_pool

Skill      XL: |  1  2  3 |
---------------+----------+-----
Earth Magic    | 3 |  3.7
Stealth        | 2 |  2.1
Dodging        | |  1.9
Spellcasting   | |  2.8
Transmutations | |  0.8

Action                   |  1- 3 |  4- 6 || total
-------------------------+-------+-------++-------
Melee: Dagger            |     7 |       ||     7
 Cast: Sandblast         |    54 |     4 ||    58
  Use: Potion            |     1 |       ||     1
Armor: Robe              |     2 |       ||     2
Dodge: Dodged            |    34 |     1 ||    35
